 Dungeon Crawl Stone Soup version 0.29-a0-380-gf50f0a9fbc (webtiles) character file.

Game seed: 15018124584707282230

2781 ytrimaz the Grappler (level 9, -6/75 HPs)
             Began as a Ghoul Monk on May 5, 2022.
             Was a Priest of Makhleb.
             Mangled by a yak (13 damage)
             ... on level 8 of the Dungeon.
             The game lasted 00:09:17 (8911 turns).

ytrimaz the Grappler (Ghoul Monk)                   Turns: 8911, Time: 00:09:18

Health: -6/75      AC:  9    Str: 22    XL:     9   Next: 70%
Magic:  8/8        EV:  9    Int:  5    God:    Makhleb [***...]
Gold:   393        SH:  0    Dex: 11    Spells: 8/8 levels left

rFire   + + .      SeeInvis .     - Unarmed
rCold   + + +      Faith    .   (no shield)
rNeg    + + +      Spirit   .   m - +1 chain mail "Forget-Me-Not" {rC+ Str+3 Stlth+}
rPois   ∞          Reflect  .   (no helmet)
rElec   .          Harm     .   u - scarf {rC+ rF+}
rCorr   +          Rampage  .   (no gloves)
Will    .....                   (no boots)
Stlth   +.........              (no amulet)
HPRegen 0.00/turn               g - ring of resist corrosion
MPRegen 0.11/turn               v - ring of protection from fire

@: inhibited regen
A: claws 1, cold resistance 1, negative energy resistance 3, inhibited
regeneration, torment resistance 2, devour on kill
a: Renounce Religion, Minor Destruction, Lesser Servant of Makhleb


You were on level 8 of the Dungeon.
You worshipped Makhleb.
Makhleb was most pleased with you.
You visited 2 branches of the dungeon, and saw 9 of its levels.

You collected 393 gold pieces.

Inventory:

Armour
 a - an orb of energy
 k - the +1 Delatra's gloves {ID++}
   (You found it on level 3 of the Dungeon)

   It heals its wearer when they drink unknown potions.
   It restores its wearer's MP when they read unknown scrolls.
 m - the +1 chain mail "Forget-Me-Not" (worn) {rC+ Str+3 Stlth+}
   (You found it on level 3 of the Dungeon)

   Str:       It affects your strength (+3).
   rC:        It protects you from cold.
   Stlth:     It makes you more stealthy.
 u - a scarf of resistance (worn)
Jewellery
 g - a ring of resist corrosion (left claw)
 i - a ring of magical power
 q - a ring of flight
 v - a ring of protection from fire (right claw)
Wands
 p - a wand of iceblast (3)
 r - a wand of polymorph (14)
 t - a wand of digging (4)
 y - a wand of acid (11)
Scrolls
 b - a scroll of torment
 c - 2 scrolls of enchant weapon
 j - 3 scrolls of fog
 x - 4 scrolls of magic mapping
 A - 2 scrolls of blinking
 B - a scroll of identify
Potions
 d - 10 potions of curing
 e - 2 potions of cancellation
 f - 3 potions of resistance
 h - 2 potions of heal wounds
 l - a potion of haste
 n - 2 potions of flight
 o - 2 potions of lignification {unknown}
 s - a potion of invisibility {unknown}
 w - a potion of brilliance {unknown}
 z - 2 potions of mutation {unknown}


   Skills:
 + Level 6.1 Fighting
 + Level 4.3 Dodging
 * Level 7.3 Stealth
 + Level 11.3 Unarmed Combat


You had 8 spell levels left.
You didn't know any spells.
Your spell library contained the following spells:

 Spells                   Type           Power      Damage    Failure   Level
 Animate Skeleton         Necr           0%         N/A       99%         1
 Apportation              Tloc           0%         N/A       99%         1
 Sandblast                Erth           0%         2d4       99%         1
 Summon Small Mammal      Summ           0%         N/A       99%         1
 Passwall                 Tmut/Erth      0%         N/A       100%        2
 Static Discharge         Conj/Air       0%         N/A       100%        2
 Call Canine Familiar     Summ           0%         N/A       100%        3
 Inner Flame              Hex/Fire       0%         N/A       100%        3
 Portal Projectile        Hex/Tloc       0%         N/A       100%        3
 Stone Arrow              Conj/Erth      0%         3d7       100%        3
 Cause Fear               Hex            0%         N/A       100%        4
 Dispel Undead            Necr           0%         3d6       100%        4
 Leda's Liquefaction      Hex/Erth       0%         N/A       100%        4
 Sticky Flame             Conj/Fire      0%         2d3       100%        4
 Summon Hydra             Summ           0%         N/A       100%        7
 Discord                  Hex            0%         N/A       100%        8
 Dragon's Call            Summ           0%         N/A       100%        9
 Sublimation of Blood     Necr           Unusable   N/A       N/A         2
 Wereblood                Tmut           Unusable   N/A       N/A         2
 Dragon Form              Tmut           Unusable   N/A       N/A         7

Dungeon Overview and Level Annotations

Branches:
Dungeon (8/15)             Temple (1/1) D:4
   Lair: D:8-11

Altars:
Ashenzari
Cheibriados
Dithmenos
Elyvilon
Fedhas
Gozag
Hepliaklqana
Kikubaaqudgha
Makhleb
Nemelex Xobeh
Okawaru
Qazlal
Ru
Sif Muna
Trog
Uskayaw
Vehumet
Wu Jian
Xom
Yredelemnul
Zin
The Shining One


Innate Abilities, Weirdness & Mutations

You are immune to poison.
You have sharp fingernails.
Your flesh is cold resistant. (rC+)
You are immune to negative energy. (rN+++)
You do not regenerate when monsters are visible.
You are immune to unholy pain and torment.
You thrive by killing the living.


Message History

Unknown command.
You scratch the black bear but do no damage.
The black bear is severely wounded.
You barely miss the black bear.
The black bear is severely wounded.
The black bear goes berserk!
You completely miss the black bear.
The black bear is severely wounded.
The black bear bites you.
The black bear claws you but does no damage. x2
The yak snorts and paws the ground.
You mangle the black bear!!
You kill the black bear!
Makhleb accepts your kill.
You feel better. The yak gores you!
A yak comes into view.
The yak bellows!
The yak closely misses you.
You see here a black bear corpse.
You claw the yak!
The yak is lightly wounded.
A yak comes into view.
The yak gores you! The yak gores you. The yak gores you!
You are too injured to fight recklessly!
You are too injured to fight recklessly!
You are too injured to fight recklessly!
The yak attacks as you move away!
The yak gores you but does no damage. x2
You see here a black bear corpse.
The yak bellows!
The yak gores you but does no damage. The yak attacks as you move away!
The yak gores you.
Found 4 silver javelins.
The yak barely misses you. The yak gores you!
* * * LOW HITPOINT WARNING * * *
The yak gores you but does no damage.
Found a trident.
The yak attacks as you move away! The yak gores you!
* * * LOW HITPOINT WARNING * * *
The yak attacks as you move away! The yak gores you!
You die...

........ ##..........
##....... #..........#
##.......###.......##.#
#.........##...........
.#...............###....
.................# #.#.#
..............#...##..##
...(....Y...####..##..#.
).#...@Y...# #.###....
##..#Y?.†# ..# .##..
#####...# ..... ...
#......##.......
#........### ##...[....#
#.......... #........#.
###......#


You could see 3 yaks.

Vanquished Creatures
  Sigmund (D:5)
  Menkaure (D:6)
  A water moccasin (D:6)
  An orc warrior (D:7)
  2 ice beasts
  A black bear (D:8)
  A sky beast (D:7)
  An ogre (D:5)
  2 phantoms
  A kobold brigand (D:8)
  A gnoll sergeant (D:7)
  2 bullfrogs
  5 scorpions
  4 wights
  5 killer bees (D:7)
  A hound (D:4)
  3 jellies
  An orc priest (D:8)
  Ijyb (D:5)
  6 iguanas
  2 orc wizards (D:7)
  6 gnolls
  10 adders
  3 shadow imps
  3 white imps
  3 ufetubi
  9 worms
  2 dart slugs
  22 orcs
  4 ball pythons
  7 endoplasms
  5 giant cockroaches
  18 goblins
  5 hobgoblins
  5 quokkas
  7 bats
  3 frilled lizards
  13 kobolds
  5 rats
173 creatures vanquished.

Notes
Turn   | Place    | Note
-------+----------+-------------------------------------------
     0 | D:1      | ytrimaz the Ghoul Monk began the quest for the Orb.
     0 | D:1      | Reached XP level 1. HP: 19/19 MP: 0/0
    19 | D:1      | Found a faded altar of an unknown god.
   231 | D:1      | Reached XP level 2. HP: 23/26 MP: 1/1
   447 | D:1      | HP: 1/26 [gnoll/+0 flail (4)]
   449 | D:1      | Reached XP level 3. HP: 2/31 MP: 2/2
   996 | D:2      | Reached skill level 4 in Unarmed Combat
  1131 | D:2      | Found Wyzxuth's Antique Weapon Shop.
  1257 | D:2      | Reached XP level 4. HP: 34/40 MP: 3/3
  2321 | D:3      | Identified the +0 pair of gloves "Gasch" {rF- rN+ Will-
                  | Str+7}
  2458 | D:3      | Found the +1 Delatra's gloves {ID++}
  2484 | D:3      | Reached XP level 5. HP: 46/46 MP: 4/4
  2949 | D:3      | Identified the +1 chain mail "Forget-Me-Not" {rC+ Str+3
                  | Stlth+}
  3422 | D:4      | Reached skill level 5 in Unarmed Combat
  3537 | D:4      | Found a shimmering blue altar of Sif Muna.
  3605 | D:4      | Found a staircase to the Ecumenical Temple.
  3615 | Temple   | Entered the Ecumenical Temple
  3808 | Temple   | Became a worshipper of Makhleb the Destroyer
  3808 | Temple   | Reached * piety under Makhleb
  3808 | Temple   | Reached ** piety under Makhleb
  3849 | D:4      | Reached XP level 6. HP: 48/52 MP: 5/5
  4262 | D:4      | Found Mufoow's Weapon Shop.
  4496 | D:5      | Entered Level 5 of the Dungeon
  4509 | D:5      | Reached skill level 6 in Unarmed Combat
  4703 | D:5      | Reached XP level 7. HP: 59/59 MP: 6/6
  4719 | D:5      | Noticed Ijyb
  4726 | D:5      | Killed Ijyb
  4833 | D:5      | Noticed Sigmund
  4838 | D:5      | Killed Sigmund
  4839 | D:5      | Reached skill level 5 in Stealth
  4839 | D:5      | Reached skill level 7 in Unarmed Combat
  5175 | D:5      | HP: 1/60 [ogre/+0 giant club (22)]
  5180 | D:5      | Reached XP level 8. HP: 28/67 MP: 7/7
  5373 | D:5      | Reached skill level 8 in Unarmed Combat
  5940 | D:6      | Reached skill level 9 in Unarmed Combat
  6043 | D:6      | Noticed Menkaure
  6048 | D:6      | Killed Menkaure
  6657 | D:7      | Reached skill level 5 in Fighting
  6746 | D:7      | Reached skill level 10 in Unarmed Combat
  6746 | D:7      | Reached XP level 9. HP: 34/74 MP: 8/8
  7346 | D:7      | HP: 2/74 [killer bee (7)]
  7837 | D:7      | Reached *** piety under Makhleb
  8487 | D:7      | Reached skill level 11 in Unarmed Combat
  8911 | D:8      | Mangled by a yak

Illustrated notes

Levels and vault maps discovered:
D:1:      lightli_arrival_statue_moat, layout_rooms,
          ebering_ecumenical_altar_sacrificial
D:2:      layout_basic, serial_shops, shop, serial_corexii_hall,
          corexii_hall_statues_l, chequers_hall_statues_corner_a,
          chequers_hall_statues_corner_a, corexii_hall_statues_l,
          corexii_hall_statues_i, chequers_hall_statues_y, minivault_23
D:3:      layout_basic
D:4:      layout_loops_cross, led_sif_book, temple_green, gup_sewer_entry_bowl,
          serial_shops, shop
D:5:      layout_loops_cross, minmay_ogre_servants, uniq_ijyb, uniq_sigmund
D:6:      layout_basic, grunt_decor_mini_mirrors, uniq_menkaure
D:7:      layout_cave_pods, serial_column_ruins, column_ruins_hut_ruined,
          column_ruins_corridor_dead_end, column_ruins_columns_corner,
          column_ruins_columns_straight, column_ruins_columns_dead_end,
          column_ruins_open_small, column_ruins_columns_straight,
          column_ruins_corridor_corner
D:8:      layout_cave_pools, fungi_pond_lemuel, lemuel_old_faithful
Temple:   minmay_crystal_snake_temple

Skill      XL: |  1  2  3  4  5  6  7  8  9 |
---------------+----------------------------+-----
Dodging        | 3 4 |  4.3
Unarmed Combat | 4 5 6 7 10 11 | 11.3
Stealth        | 3 4 5 6 7 |  7.3
Fighting       | 4 5 6 |  6.1

Action                   |  1- 3 |  4- 6 |  7- 9 || total
-------------------------+-------+-------+-------++-------
Melee: Unarmed           |    92 |   240 |   289 ||   621
       Punch             |     1 |    12 |     9 ||    22
  Use: Potion            |     1 |       |     7 ||     8
       Scroll            |       |    14 |     3 ||    17
 Stab: Sleeping          |     3 |     4 |       ||     7
Armor: Robe              |    19 |    24 |       ||    43
       Chain mail        |       |    32 |   194 ||   226
Dodge: Dodged            |    56 |   106 |   183 ||   345

Table legend: (Time is in decaauts)
 A = Elapsed time spent in this place.
 B = Non-inter-level travel time spent in this place.
 C = Inter-level travel time spent in this place.
 D = Time resting spent in this place.
 E = Time spent auto-exploring this place.
 F = Levels seen in this place.
 G = Mean time per level.
                   A        B        C        D        E       F      G
               +--------+--------+--------+--------+--------+-----+--------+
         Total |   8841 |   8611 |    230 |   1179 |   5883 |   9 |  982.3 |
       Dungeon |   8634 |   8451 |    183 |   1179 |   5743 |   8 | 1079.2 |
        Temple |    206 |    159 |     47 |      0 |    140 |   1 |  206.0 |
               +--------+--------+--------+--------+--------+-----+--------+

Top non-repeatable levels by time:
     D:7: 1872 daAuts
     D:2: 1413 daAuts
     D:6: 1309 daAuts
     D:4: 1016 daAuts
     D:3: 991 daAuts
     D:5: 975 daAuts
     D:1: 848 daAuts
     D:8: 206 daAuts
  Temple: 206 daAuts
